 Dungeon Crawl Stone Soup version 0.22.1-1-ga44c0e56f4 (webtiles) character file.

109 Knicklaso the Skirmisher (level 4, 0/40 HPs)
             Began as a Draconian Abyssal Knight on Oct 1, 2018.
             Was a Believer of Lugonu.
             Slain by a jelly (2 damage)
             ... on level 3 of the Dungeon.
             The game lasted 00:08:51 (2269 turns).

Knicklaso the Skirmisher (Draconian Abyssal Knight) Turns: 2269, Time: 00:08:52

Health: 0/40       AC: -3    Str: 16    XL:     4   Next: 60%
Magic:  5/5        EV: 12    Int: 12    God:    Lugonu [**....]
Gold:   72         SH:  0    Dex: 10    Spells: 3/3 levels left

rFire    . . .     SeeInvis .   a - +1 spear
rCold    . . .     Gourm    .   (no shield)
rNeg     . . .     Faith    .   (armour unavailable)
rPois    .         Spirit   .   (helmet restricted)
rElec    .         Reflect  .   (no cloak)
rCorr    .         Harm     .   (no gloves)
MR       .....                  (no boots)
Stlth    +.........             (no amulet)
HPRegen  0.13/turn              (no ring)
MPRegen  0.09/turn              (no ring)

@: corroded
A: unfitting armour, cold-blooded, AC +5
a: Depart the Abyss, Bend Space, Renounce Religion


You were on level 3 of the Dungeon.
You worshipped Lugonu.
Lugonu was pleased with you.
You were not hungry.

You visited 1 branch of the dungeon, and saw 3 of its levels.
You visited the Abyss 1 time.

You collected 72 gold pieces.

Inventory:

Hand Weapons
 a - a +1 spear (weapon)
 b - a +0 hunting sling
Missiles
 h - 24 sling bullets
 k - 39 stones (quivered)
Jewellery
 j - an uncursed ring of fire {unknown}
Wands
 e - a wand of iceblast (8)
Scrolls
 f - a scroll of identify {unknown}
Potions
 d - a potion of haste {unknown}
 i - a potion of flight {unknown}
 l - a potion of agility {unknown}
Comestibles
 c - a chunk of flesh
 g - 2 rations


   Skills:
 + Level 4.2 Fighting
 * Level 3.5 Polearms
 - Level 2.6 Dodging
 - Level 2.6 Invocations


You had 3 spell levels left.
You didn't know any spells.
Your spell library was empty.

Dungeon Overview and Level Annotations

Branches:
Dungeon (3/15)

Altars:

Annotations:
D:2 Sigmund


Innate Abilities, Weirdness & Mutations

Your plain brown scales are hard. (AC +5)
You cannot fit into any form of body armour.
You are cold-blooded and may be slowed by cold attacks.


Message History

a - a +1 spear (weapon)
You hit the jelly.
Your hands burn!
The jelly is lightly wounded.
The jelly hits you.
You are splashed with acid!
The acid burns!
You completely miss the jelly.
The jelly is lightly wounded.
The jelly closely misses you.
You hit the jelly. The acid corrodes you!
Your hands burn!
The jelly is moderately wounded.
The jelly hits you. The acid corrodes you!
You are splashed with acid!
The acid burns!
You completely miss the jelly.
The jelly is moderately wounded.
The jelly hits you.
You are splashed with acid!
The acid burns!
* * * LOW HITPOINT WARNING * * *
You hit the jelly but do no damage.
Your hands burn!
* * * LOW HITPOINT WARNING * * *
The jelly is moderately wounded.
The jelly hits you.
You die...

#.# #(#
#.# #.#
#.# #.#
..# #.#
..# #.#
#.# # #.#
.##.(###.#
......J@.#
.........#
.##...##.#
##.. #.#
#. ... ##
#..# #..#
#..#


You could see a jelly.

Vanquished Creatures
  6 adders
  A worm (D:2)
  A dart slug (D:1)
  A ball python (D:2)
  6 bats
  4 giant cockroaches
  5 goblins
  6 hobgoblins
  4 jackals (D:1)
  A quokka (D:2)
  3 frilled lizards
  8 kobolds
  5 rats
51 creatures vanquished.

Notes
Turn   | Place    | Note
-------+----------+-------------------------------------------
     0 | Abyss:1  | Knicklaso the Draconian Abyssal Knight began the quest for
                  | the Orb.
     0 | Abyss:1  | Reached XP level 1. HP: 19/19 MP: 2/2
     7 | D:1      | Escaped the Abyss
   189 | D:1      | Reached XP level 2. HP: 26/26 MP: 3/3
  1090 | D:1      | Reached XP level 3. HP: 5/33 MP: 4/4
  1095 | D:1      | Reached ** piety under Lugonu
  1527 | D:2      | Reached XP level 4. HP: 37/40 MP: 5/5
  1562 | D:2      | Reached skill level 4 in Fighting
  1643 | D:2      | Noticed Sigmund
  2269 | D:3      | HP: 2/40 [acid (3)]
  2269 | D:3      | Slain by a jelly

Skill      XL: |  1  2  3  4 |
---------------+-------------+-----
Polearms       | 3 |  3.5
Fighting       | 4 |  4.2
Dodging        | |  2.6
Invocations    | |  2.6

Action                   |  1- 3 |  4- 6 || total
-------------------------+-------+-------++-------
Melee: Spear             |   112 |    46 ||   158
       Tailslap          |    10 |     4 ||    14
 Fire: Hunting sling     |     9 |    11 ||    20
 Stab: Sleeping          |       |     2 ||     2
  Eat: Chunk             |     2 |     2 ||     4
Armor: Skin              |    26 |     6 ||    32
Dodge: Dodged            |    60 |    24 ||    84
